 Dungeon Sprint DCSS version 0.21-a0-352-g5b8f553 (webtiles) character file.

4395 Kidiri the Fighter (level 10, -3/103 HPs)
             Began as a Yellow Draconian Berserker on Oct 11, 2017.
             Was a High Priest of Trog.
             Slain by a killer bee (4 damage)
             ... in the Dungeon (Sprint III: "The Ten Rune Challenge").
             The game lasted 00:11:23 (1591 turns).

Kidiri the Fighter (Yellow Draconian Berserker)     Turns: 1591, Time: 00:11:24

Health: -3/103     AC:  7    Str: 22    XL:     10   Next: 13%
Magic:  10/10      EV: 18    Int:  8    God:    Trog [*****.]
Gold:   41         SH:  0    Dex: 11    Spells: 9/9 levels left

rFire    . . .     SeeInvis .   a - +0 mace
rCold    . . .     Gourm    .   (no shield)
rNeg     . . .     Faith    .   (armour unavailable)
rPois    .         Spirit   .   (helmet restricted)
rElec    .         Reflect  .   (no cloak)
rCorr    +         Harm     .   (no gloves)
MR       .....     NoTele   +   (no boots)
Stlth    +++.......             (no amulet)
HPRegen  0.27/turn              (no ring)
MPRegen  0.12/turn              (no ring)

@: lethally poisoned (-3 -> -27), berserk cooldown, slowed, very slow
A: spit acid, acid resistance, unfitting armour, camouflage 1, evolution 1,
cold-blooded, AC +7
a: Breathe Acid, Berserk, Trog's Hand, Brothers in Arms, Burn Spellbooks,
Renounce Religion


You were in the Dungeon.
You worshipped Trog.
Trog was extremely pleased with you.
You were hungry.

You visited 1 branch You collected 41 gold pieces.

Inventory:

Hand Weapons
 a - a +0 mace (weapon)
 i - a +1 battleaxe of freezing
Missiles
 b - 6 needles of confusion
 r - 3 javelins of returning
 w - 4 poisoned javelins (quivered)
Wands
 q - a wand of flame (31/48)
Scrolls
 h - a scroll of blinking
 j - a scroll of holy word {unknown}
 k - a scroll of magic mapping {unknown}
 l - 2 scrolls of identify {unknown}
 n - a scroll of torment {unknown}
 o - a scroll of remove curse {unknown}
Potions
 c - a potion of curing
 e - a potion of haste
 f - 2 potions of magic
 g - a potion of berserk rage
 m - 5 potions of mutation
Comestibles
 p - 2 royal jellies


   Skills:
 * Level 14.1 Fighting
 * Level 13.0 Maces & Flails
 + Level 7.5 Throwing
 * Level 12.1 Dodging
 - Level 1.4 Stealth


You had 9 spell levels left.
You didn't know any spells.

Dungeon Overview and Level Annotations

Branches:
Dungeon (1/1)

Altars:
Cheibriados
Dithmenos
Elyvilon
Fedhas
Gozag
Hepliaklqana
Kikubaaqudgha
Makhleb
Nemelex Xobeh
Okawaru
Qazlal
Ru
Sif Muna
Trog
Uskayaw
Vehumet
Wu Jian
Xom
Yredelemnul
Zin
The Shining One
Beogh
Jiyva
Lugonu

Annotations:
D exclusion: door


Innate Abilities, Weirdness & Mutations

You can spit globs of acid.
You are resistant to acid.
Your golden yellow scales are hard. (AC +7)
You cannot fit into any form of body armour.
You are cold-blooded and may be slowed by cold attacks.
Your skin changes colour to match your surroundings (Stealth+).
You evolve.


Message History

You closely miss the killer bee.
Your tail-slap misses the killer bee.
The killer bee is lightly wounded.
You are no longer berserk.
You are exhausted.
You feel yourself slow down. The killer bee stings you.
* * * LOW HITPOINT WARNING * * *
You are lethally poisoned!
The killer bee poisons you!
Unknown command.
Unknown command.
Unknown command.
Your ogre goes berserk!
You are feeling hungry.
* * * LOW HITPOINT WARNING * * *
You feel very sick. The killer bee closely misses you.
The killer bee stings you!
* * * LOW HITPOINT WARNING * * *
You are more poisoned.
The killer bee poisons you! The killer bee stings you.
You die...

########################
§'.#.'...+.#.#.#@yyy%≈≈#
§#.#.#.).##.#.#O##yy.≈≈#
§#.#.#...#.#.#.#.# %.≈≈≈
§#...#...##.#.#.## %≈≈≈
▓▓▓▓▓▓▓▓▓#.#.#.#.# %%%
##.#.#.## .% +.#.#.#.# .
##.#.#.## #+#####


You could see 5 killer bees and a friendly ogre (berserk).

Vanquished Creatures
  An unseen horror (D)
  A deep elf mage (D)
  A queen bee (D)
  A shadow (D)
  A spatial vortex (D)
  A necrophage (D)
  2 centaurs (D)
  An earth elemental (D)
  A water elemental (D)
  A scorpion (D)
  27 killer bees (D)
  A jelly (D)
  Jessica (D)
  A wizard (D)
  A necromancer (D)
  2 humans (D)
  A kobold demonologist (D)
  An ooze (D)
  2 rats (D)
48 creatures vanquished.

Vanquished Creatures (collateral kills)
  Josephine (D)
  A centaur warrior (D)
  A human (D)
3 creatures vanquished.

Vanquished Creatures (others)
  2 draconian scorchers (D)
  6 hellions (D)
  3 yaktaurs (D)
11 creatures vanquished.

Grand Total: 62 creatures vanquished

Notes
Turn   | Place    | Note
-------+----------+-------------------------------------------
     0 | D        | Kidiri the Draconian Berserker began the quest for the Orb.
     0 | D        | Reached XP level 1. HP: 19/19 MP: 1/1
    27 | D        | Killed a yaktaur
    75 | D        | Killed a hellion
    84 | D        | Killed a hellion
    97 | D        | Killed a yaktaur
   101 | D        | Noticed Jessica
   122 | D        | Killed a hellion
   125 | D        | Killed a hellion
   127 | D        | Killed a white draconian scorcher
   140 | D        | Killed a hellion
   151 | D        | Killed a white draconian scorcher
   159 | D        | Killed Jessica
   159 | D        | Reached ** piety under Trog
   159 | D        | Reached skill level 5 in Fighting
   159 | D        | Reached XP level 2. HP: 23/29 MP: 2/2
   159 | D        | Reached XP level 3. HP: 29/36 MP: 3/3
   174 | D        | Killed a hellion
   256 | D        | Reached skill level 5 in Maces & Flails
   326 | D        | Noticed a scorpion
   333 | D        | Killed a scorpion
   333 | D        | Reached *** piety under Trog
   333 | D        | Reached skill level 6 in Fighting
   333 | D        | Reached skill level 5 in Dodging
   333 | D        | Reached skill level 1 in Stealth
   333 | D        | Reached XP level 4. HP: 45/45 MP: 4/4
   352 | D        | Gained mutation: Your spells are a little harder to cast, but a little more powerful. [potion of mutation]
   352 | D        | Gained mutation: You are robust. (+10% HP) [potion of mutation]
   352 | D        | Gained mutation: Your skin changes colour to match your surroundings (Stealth+). [potion of mutation]
   353 | D        | Lost mutation: Your spells are a little harder to cast, but a little more powerful. [potion of mutation]
   353 | D        | Lost mutation: You are robust. (+10% HP) [potion of mutation]
   353 | D        | Gained mutation: You evolve. [potion of mutation]
   398 | D        | Noticed a water elemental
   404 | D        | Killed a water elemental
   404 | D        | Reached skill level 7 in Fighting
   404 | D        | Reached XP level 5. HP: 52/52 MP: 5/5
   485 | D        | Found a radiant altar of Vehumet.
   485 | D        | Found a deep blue altar of Sif Muna.
   485 | D        | Found an ancient bone altar of Kikubaaqudgha.
   489 | D        | Reached **** piety under Trog
   489 | D        | Reached skill level 1 in Throwing
   583 | D        | Found a glowing silver altar of Zin.
   584 | D        | Found a glowing golden altar of the Shining One.
   584 | D        | Found a white marble altar of Elyvilon.
   584 | D        | Noticed a deep elf mage
   587 | D        | Noticed a fire elemental
   591 | D        | Killed a deep elf mage
   591 | D        | Reached ***** piety under Trog
   591 | D        | Reached skill level 9 in Fighting
   591 | D        | Reached XP level 6. HP: 66/66 MP: 6/6
   591 | D        | Your scales start taking on a golden yellow colour.
   591 | D        | Reached XP level 7. HP: 71/71 MP: 7/7
   677 | D        | Found an ornate altar of the Wu Jian Council.
   677 | D        | Found a roughly hewn altar of Beogh.
   677 | D        | Found an iron altar of Okawaru.
   677 | D        | Found a bloodstained altar of Trog.
   677 | D        | Found a hide-covered altar of Uskayaw.
   677 | D        | Noticed a human
   677 | D        | Noticed a human
   683 | D        | Killed a human
   683 | D        | Reached skill level 10 in Fighting
   687 | D        | Killed a human
   687 | D        | Received a gift from Trog
   736 | D        | Found a basalt altar of Yredelemnul.
   736 | D        | Found a shadowy altar of Dithmenos.
   736 | D        | Found a sacrificial altar of Ru.
   795 | D        | Noticed a shadow
   799 | D        | Killed a shadow
   799 | D        | Reached skill level 11 in Fighting
   799 | D        | Reached skill level 10 in Maces & Flails
   799 | D        | Reached XP level 8. HP: 82/82 MP: 8/8
   860 | D        | Found a blossoming altar of Fedhas.
   860 | D        | Found a stormy altar of Qazlal.
   860 | D        | Found a snail-covered altar of Cheibriados.
   860 | D        | Found a burning altar of Makhleb.
   860 | D        | Found a shimmering altar of Xom.
   861 | D        | Found a hazy altar of Hepliaklqana.
   861 | D        | Found an opulent altar of Gozag.
   861 | D        | Found a sparkling altar of Nemelex Xobeh.
   861 | D        | Found a corrupted altar of Lugonu.
   861 | D        | Found a viscous altar of Jiyva.
   873 | D        | Reached skill level 5 in Throwing
   921 | D        | Noticed Josephine
   927 | D        | Killed Josephine
   927 | D        | Reached skill level 12 in Fighting
   927 | D        | Reached skill level 10 in Dodging
  1003 | D        | Killed a yaktaur
  1082 | D        | Noticed a centaur warrior
  1087 | D        | Killed a centaur warrior
  1087 | D        | Received a gift from Trog
  1087 | D        | Reached XP level 9. HP: 74/92 MP: 9/9
  1295 | D        | Killed an unseen horror
  1295 | D        | Reached skill level 13 in Fighting
  1437 | D        | Noticed a queen bee
  1470 | D        | Received a gift from Trog
  1482 | D        | Received a gift from Trog
  1515 | D        | Received a gift from Trog
  1523 | D        | Reached XP level 10. HP: 32/102 MP: 10/10
  1568 | D        | Reached skill level 14 in Fighting
  1573 | D        | Received a gift from Trog
  1591 | D        | HP: 1/103 [killer bee (8)]
  1591 | D        | Slain by a killer bee

Vault maps used:
D:        dungeon_sprint_mu

Skill      XL: |  1  2  3  4  5  6  7  8  9 10 |
---------------+-------------------------------+-----
Dodging        | 4 5 6 8 9 10 11 12 | 12.1
Fighting       | 5 6 7 9 11 12 13 14 | 14.1
Maces & Flails | 4 5 6 9 10 11 12 13 | 13.0
Stealth        | 1 |  1.4
Throwing       | 3 4 6 7 |  7.5

Action                   |  1- 3 |  4- 6 |  7- 9 | 10-12 || total
-------------------------+-------+-------+-------+-------++-------
Melee: Mace              |    28 |    22 |   109 |    28 ||   187
       Tailslap          |     1 |     2 |    10 |     3 ||    16
       Battleaxe         |       |       |     1 |     2 ||     3
Throw: Javelin           |       |       |     5 |     2 ||     7
Invok: Berserk           |     2 |     3 |     6 |     1 ||    12
       Burn Spellbooks   |       |     1 |       |       ||     1
       Brothers in Arms  |       |       |     6 |     2 ||     8
 Abil: Breathe Acid      |       |       |     7 |       ||     7
  Use: Potion            |       |     2 |     1 |     2 ||     5
 Stab: Sleeping          |     1 |       |       |       ||     1
  Eat: Chunk             |       |     1 |     8 |       ||     9
       Bread ration      |       |     1 |     1 |       ||     2
Armor: Skin              |     2 |    10 |    18 |     3 ||    33
Dodge: Dodged            |    16 |    28 |   118 |    27 ||   189

Table legend:
 A = Spawn XP
 B = Non-spawn XP
 C = Spawn XP percentage of total XP
 D = Spawn monster count
 E = Non-spawn monster count
 F = Spawn count percentage of total count
 G = Total turns spent on level
                    A         B        C        D         E        F      G
               +---------+---------+-------+---------+---------+-------+---------
         Total |       0 |    6279 |   0.0 |       0 |      51 |   0.0 |  1591
               +---------+---------+-------+---------+---------+-------+---------
             D |       0 |    6279 |   0.0 |       0 |      51 |   0.0 |  1591
               +---------+---------+-------+---------+---------+-------+---------
